Map: Ice and Chrome LE

Players

MarineLorD - Winner!

  • Race: Terran Terran
  • League: Master
  • Spawn Location: 7:00

Geralt (Gerald)

  • Race: Protoss Protoss
  • League: Grandmaster
  • Spawn Location: 1:00

Event: DreamHack SC2 Masters 2020 Fall

VOD

Have the link to the VOD?

Description

Time

  • Played on: Sept. 11, 2020, 12:25 p.m.
  • Length: 11:34

All games in this series

Show
View Real Time Build Order
Export as new Build Order

MarineLorD Terran - Winner!

Build Orders: 1/1/1 

Get SALT Encoding   

  12  0:00  SCV  
  13  0:12  SCV  
  14  0:16  Supply Depot  
  14  0:24  SCV  
  15  0:38  SCV  
  15  0:39  Barracks  
  16  0:43  Refinery  
  16  0:50  SCV  
  16  0:52  Refinery  
  17  1:00  Supply Depot  
  17  1:04  SCV  
  18  1:17  SCV  
  19  1:33  Orbital Command, Marine  
  20  1:41  Factory  
  20  1:59  SCV  
  21  2:05  Supply Depot  
  21  2:10  Barracks Tech Lab  
  21  2:11  SCV  
  22  2:23  SCV  
  22  2:25  Hellion  
  22  2:27  Starport  
  25  2:30  Marauder  
  25  2:32  Concussive Shells  
  25  2:35  SCV  
  28  2:46  Hellion  
  28  2:48  SCV  
  31  2:51  Marauder  
  31  2:56  Supply Depot  
  33  3:03  Medivac  
  36  3:09  Hellion  
  37  3:13  Marauder  
  37  3:18  SCV  
  40  3:30  SCV, Supply Depot  
  41  3:44  Barracks Reactor  
  41  3:45  Raven, SCV  
  44  3:55  Command Center  
  44  3:58  SCV  
  45  4:10  SCV  
  46  4:22  SCV, Marine x2  
  46  4:23  Factory Tech Lab  
  44  4:32  Banshee  
  44  4:35  SCV  
  46  4:41  Marine x2  
  48  4:46  Siege Tank  
  48  4:47  SCV  
  48  4:51  Supply Depot  
  52  4:59  SCV, Marine x2  
  55  5:07  Orbital Command  
  55  5:11  SCV  
  52  5:23  SCV  
  52  5:26  Siege Tank  
  52  5:27  Marine x2  
  54  5:31  Engineering Bay, Barracks  
  54  5:32  Barracks  
  54  5:39  Medivac, SCV  
  54  5:40  SCV  
  58  5:45  Marine x2  
  60  5:52  SCV x2  
  62  5:57  Terran Infantry Weapons Level 1  
  62  5:58  Refinery  
  62  6:03  Siege Tank  
  62  6:04  SCV x2, Supply Depot  
  67  6:06  Marine x2  
  69  6:11  Starport Reactor  
  71  6:18  Barracks Tech Lab  
  71  6:20  Marauder  
  71  6:21  Stimpack  
  71  6:27  Bunker  
  71  6:30  Supply Depot  
  71  6:34  Supply Depot, Marine x2  
  71  6:38  Siege Tank  
  71  6:39  Marauder  
  78  6:41  Marauder, SCV x2  
  78  6:42  Refinery  
  82  6:49  Combat Shield  
  82  6:58  Marine x2  
  84  7:08  Medivac, Marauder, Supply Depot  
  88  7:12  SCV  
  88  7:13  SCV  
  88  7:14  Command Center  
  87  7:24  SCV  
  87  7:25  SCV  
  87  7:31  Missile Turret, Marine x2  
  87  7:32  Marine  
  87  7:36  SCV, Supply Depot  
  91  7:37  SCV  
  91  7:40  Medivac  
  91  7:41  Medivac  
  96  7:48  SCV  
  96  7:49  SCV  
  98  7:56  Marine x2  
  98  7:57  Marauder  
  100  7:59  Marauder  
  102  8:12  Siege Tank  
  105  8:13  Medivac x2  
  105  8:14  Barracks, SCV x2  
  105  8:17  Barracks, Supply Depot  
  105  8:18  Terran Infantry Armor Level 1  
  111  8:29  SCV x2  
  113  8:35  Marauder, Marine x2  
  113  8:39  Marauder  
  113  8:40  Orbital Command  
  113  8:41  SCV  
  120  8:42  SCV  
  118  8:53  SCV  
  119  9:01  Marine x2  
  119  9:02  Marauder  
  123  9:04  Siege Tank  
  123  9:05  Medivac x2  
  123  9:10  Marauder  
  123  9:11  Marine  
  123  9:12  Marine  
  123  9:16  SCV x2  
  127  9:18  Orbital Command  
  127  9:20  Marine x2  
  127  9:23  Marauder  
  125  9:34  Medivac  
  125  9:35  Medivac  
  116  9:39  Marine x2  
  116  9:43  Marauder  
  113  9:49  Barracks Tech Lab, Marauder, Barracks Reactor  
  113  9:51  SCV x2  
  117  9:56  SCV  
  117  9:57  Marine x2  
  117  9:59  Siege Tank  
  122  10:03  SCV x2  
  124  10:07  Armory  
  124  10:08  Marine x2  
  124  10:09  Engineering Bay, Ghost Academy  
  124  10:12  Refinery  
  124  10:13  Refinery  
  126  10:15  Marine x2  
  126  10:19  Bunker  
  128  10:23  Supply Depot  
  128  10:24  SCV  
  128  10:26  Supply Depot  
  128  10:27  Marine x2  
  128  10:28  Marine  
  132  10:29  Marine  
  132  10:34  Marine  
  132  10:35  Marine  
  135  10:38  Marine  
  133  10:45  Marine x3  
  133  10:47  Marine  
  126  10:52  Siege Tank, Marine x2  
  126  10:57  Marauder  
  127  10:59  SCV  
  127  11:00  SCV  
  127  11:01  SCV  
  127  11:03  Marine x2  
  127  11:04  Marauder  
  133  11:05  Marine  
  133  11:10  Marine  
  140  11:12  SCV x2  
  140  11:13  SCV  
Show
View Real Time Build Order
Export as new Build Order

Geralt Protoss 

Build Orders: 1 Gate Expand, Blink Stalkers 

Get SALT Encoding   

  12  0:00  Probe  
  13  0:12  Probe  
  14  0:17  Pylon  
  14  0:24  Probe (Chrono Boost)  
  15  0:37  Gateway  
  15  0:38  Probe (Chrono Boost)  
  16  0:46  Probe (Chrono Boost)  
  16  0:49  Assimilator  
  17  0:52  Probe  
  18  1:04  Probe  
  19  1:16  Probe  
  20  1:25  Cybernetics Core  
  20  1:28  Probe  
  21  1:38  Nexus  
  21  1:43  Pylon  
  21  1:47  Probe  
  21  1:52  Assimilator  
  21  2:01  Probe, Stalker (Chrono Boost)  
  21  2:03  Warp Gate (Chrono Boost)  
  24  2:13  Probe  
  25  2:18  Gateway  
  25  2:25  Probe  
  25  2:28  Stalker  
  28  2:40  Probe  
  29  2:44  Twilight Council  
  29  2:52  Probe  
  29  2:53  Probe  
  31  2:59  Shield Battery  
  31  3:04  Probe  
  32  3:06  Probe  
  33  3:16  Probe  
  33  3:18  Probe  
  33  3:19  Blink (Chrono Boost)  
  35  3:28  Probe  
  35  3:30  Probe  
  35  3:33  Robotics Facility  
  37  3:42  Pylon  
  37  3:45  Stalker  
  37  3:48  Probe  
  39  3:49  Stalker  
  39  3:52  Probe  
  42  4:00  Probe  
  43  4:04  Probe  
  43  4:09  Zealot  
  44  4:11  Zealot  
  44  4:12  Probe  
  36  4:24  Probe  
  36  4:29  Stalker x2  
  36  4:30  Probe  
  35  4:41  Probe  
  35  4:42  Probe  
  36  4:52  Stalker x2  
  38  4:53  Probe  
  38  4:55  Probe  
  42  5:05  Probe  
  43  5:07  Probe  
  43  5:10  Charge (Chrono Boost)  
  42  5:18  Probe  
  42  5:19  Probe  
  39  5:32  Gateway  
  39  5:33  Gateway  
  39  5:34  Probe x2  
  41  5:41  Warp Prism (Chrono Boost)  
  41  5:46  Probe  
  45  5:50  Probe  
  45  5:58  Probe, Stalker x2  
  45  6:02  Probe  
  51  6:07  Pylon  
  51  6:10  Probe  
  52  6:14  Assimilator  
  52  6:16  Observer  
  52  6:17  Assimilator, Probe  
  54  6:23  Pylon  
  54  6:25  Probe  
  55  6:29  Probe  
  56  6:37  Forge, Probe  
  56  6:38  Zealot x2  
  61  6:41  Zealot x2  
  61  6:46  Probe  
  66  6:52  Probe  
  67  6:54  Templar Archives  
  67  7:05  Observer (Chrono Boost)  
  67  7:06  Probe  
  69  7:09  Probe  
  69  7:11  Psionic Storm  
  69  7:15  Protoss Ground Armor Level 1  
  70  7:16  Pylon  
  70  7:18  Gateway  
  70  7:20  Gateway  
  64  7:32  Probe  
  65  7:37  Nexus  
  65  7:47  High Templar  
  67  7:58  Warp Prism  
  67  8:01  Zealot x2, High Templar  
  73  8:06  Probe  
  70  8:16  Pylon  
  70  8:17  Zealot, High Templar  
  74  8:20  Zealot  
  74  8:26  Zealot  
  78  8:30  Pylon  
  78  8:31  Pylon  
  76  8:38  Stalker x2  
  78  8:49  Nexus  
  78  8:50  Zealot x4  
  78  8:51  Pylon  
  78  8:53  Probe  
  78  8:55  Archon  
  87  8:56  Observer  
  87  9:02  Zealot x2  
  83  9:12  Stalker  
  83  9:13  Zealot x3  
  84  9:20  Probe  
  84  9:23  High Templar x2  
  81  9:37  Warp Prism  
  73  9:44  Zealot, Observer, Stalker x2  
  73  9:45  Zealot  
  77  9:47  Gateway  
  73  9:57  Zealot x2  
  73  10:00  Gateway  
  73  10:11  Probe x3  
  73  10:12  Zealot, High Templar  
  80  10:15  Observer (Chrono Boost)  
  81  10:23  Shield Battery, Probe  
  81  10:24  Zealot  
  81  10:25  Zealot  
  86  10:33  Zealot x2  
  90  10:39  Zealot  
  80  10:45  Archon  
  60  10:50  Zealot x4  
  60  10:54  Zealot  
  57  10:58  Zealot x2  
  55  11:04  Zealot  
  55  11:08  Zealot  
  57  11:12  Zealot x3  

Tags
 
Add a new tag
Caveats
  • Supply blocks, unpowered buildings, or Contaminate may cause inaccurate times.
  • Supply counts are checked every 10 seconds.